 Dungeon Sprint DCSS version 0.27-a0-1273-gec92ba881d (webtiles) character file.

Game seed: 3597357646947734410

19028 mhtbhm the Unseen (level 12, -15/157 HPs)
             Began as a Demonspawn Berserker on June 11, 2021.
             Was the Champion of Trog.
             Demolished by a spriggan defender
             ... wielding a +7 lajatang of speed
              (21 damage)
             ... in the Dungeon (Sprint IV: "Fedhas' Mad Dash").
             The game lasted 00:07:11 (5266 turns).

mhtbhm the Unseen (Demonspawn Berserker)            Turns: 5266, Time: 00:07:12

Health: -15/157    AC: 13    Str: 25    XL:     12   Next: 32%
Magic:  0/12       EV: 15    Int: 12    God:    Trog [******]
Gold:   62         SH:  0    Dex: 12    Spells: 11/11 levels left

rFire    . . .     SeeInvis +   a - +9 rapier "Ashrode" {vorpal, rPois rC++ Will+}
rCold    + + .     Faith    .   (no shield)
rNeg     . . .     Spirit   .   b - +2 leather armour "Eplakes" {Str+3 Int+2 SInv}
rPois    +         Reflect  .   (helmet restricted)
rElec    .         Harm     .   i - +0 cloak
rCorr    .         Rampage  .   (no gloves)
Will     +....     NoTele   +   p - +1 pair of boots
Stlth    ..........             j - amulet of invisibility {+Inv}
HPRegen  0.36/turn              (no ring)
MPRegen  0.13/turn              (no ring)

@: berserking (expiring), very quick
A: antennae 1, slimy green scales 3, foul stench 1, demonic magic 1
a: Renounce Religion, Evoke Invisibility, Berserk, Trog's Hand, Brothers in Arms


You were in the Dungeon.
You worshipped Trog.
Trog was exalted by your worship.
You visited 1 branch You collected 480 gold pieces.
You spent 418 gold pieces at shops.

Inventory:

Hand Weapons
 a - the +9 rapier "Ashrode" (weapon) {vorpal, rPois rC++ Will+}
   (Trog gifted it to you in the Dungeon)

   It inflicts extra damage upon your enemies.
   It greatly protects you from cold.
   It protects you from poison.
   It increases your willpower.
Missiles
 l - an atropa-tipped dart (quivered)
Armour
 b - the +2 leather armour "Eplakes" (worn) {Str+3 Int+2 SInv}
   (You bought it in a shop in the Dungeon)

   It affects your strength (+3).
   It affects your intelligence (+2).
   It lets you see invisible.
 i - a +0 cloak (worn)
 p - a +1 pair of boots (worn)
Jewellery
 j - the amulet of invisibility (around neck) {+Inv}
   (You found it in the Dungeon)

   [amulet of nothing]

   It lets you turn invisible.
 m - the amulet of Ascent {RegenMP Drain rF+ rC+}
   (You found it in the Dungeon)

   [amulet of magic regeneration]

   It increases your rate of magic regeneration.
   It protects you from fire.
   It protects you from cold.
   It drains your maximum health when unequipped.
Wands
 n - a wand of iceblast (8)
Scrolls
 h - a scroll of blinking
 k - 2 scrolls of enchant weapon {unknown}
 q - a scroll of enchant armour {unknown}
Potions
 c - a potion of curing
 d - a potion of heal wounds
 e - a potion of haste
 f - 2 potions of magic
 g - a potion of berserk rage
 o - a potion of brilliance {unknown}


   Skills:
 + Level 13.3 Fighting
 + Level 13.3(14.4) Short Blades
 + Level 9.7(12.7) Long Blades
 + Level 2.4 Throwing
 + Level 6.3 Armour
 + Level 8.7 Dodging
 + Level 16.3 Stealth
 + Level 11.8 Evocations


You had 11 spell levels left.
You didn't know any spells.
Your spell library was empty.

Dungeon Overview and Level Annotations

Branches:
Dungeon (1/1)

Altars:
Cheibriados
Dithmenos
Elyvilon
Gozag
Hepliaklqana
Kikubaaqudgha
Makhleb
Nemelex Xobeh
Okawaru
Qazlal
Ru
Sif Muna
Trog
Uskayaw
Vehumet
Wu Jian
Xom
Yredelemnul
Zin
The Shining One
Beogh
Jiyva
Lugonu

Shops:
D *?[:[[=[[*[[([=([(:(?


Innate Abilities, Weirdness & Mutations

You have a pair of small antennae on your head.
You are completely covered in slimy green scales. (AC +4, rPois)
You may rarely emit foul miasma when damaged in melee.
Spells you cast may paralyse adjacent enemies.


Message History

Unknown command.
You impale the spriggan defender!!
The spriggan defender is moderately wounded.
You closely miss the spriggan defender.
The spriggan defender is moderately wounded.
The spriggan druid calls out to the beasts of the wild!
A ghost moth comes into view.
The spriggan defender hits you with a +7 lajatang of speed!
You miss the spriggan druid.
The spriggan druid is heavily wounded.
The spriggan druid hits you with a +0 quarterstaff.
The spriggan defender hits you with a +7 lajatang of speed!
* * * LOW HITPOINT WARNING * * *
You emit a cloud of foul miasma!
Unknown command.
You barely miss the spriggan druid.
The spriggan druid is heavily wounded.
The ghost moth stares at you.
You feel your power leaking away.
The spriggan defender is engulfed in dark miasma.
The spriggan defender is poisoned.
The spriggan defender seems to slow down.
The spriggan defender hits you with a +7 lajatang of speed!!
* * * LOW HITPOINT WARNING * * *
You closely miss the spriggan druid.
The spriggan druid is heavily wounded.
Unknown command.
You impale the spriggan druid!!
With its final breath, the spriggan druid offers up its power to the beasts of the wild!
The ghost moth seems to grow more fierce.
You kill the spriggan druid!
Trog accepts your kill. Something appears at your feet!
You see here a +6 dagger of flaming.
Trog grants you a weapon!
Trog appreciates your killing of a magic user.
The spriggan defender is engulfed in dark miasma.
The spriggan defender looks even sicker.
The spriggan defender seems to slow down.
The spriggan defender hits you with a +7 lajatang of speed!!
You die...

...##...P..'†#
..)'....).)###
###############
∩#............#########
∩'.....)......'.......#
∩#............#######.#
#####################.#
.♣..♣..♣☼.♣..#
.y....)@.....#
.♣.(♣..♣i.♣..#
##########


You could see a ghost moth (strong, invisible) and a spriggan defender (very
poisoned, slow).

Vanquished Creatures
  A spriggan defender (D)
  2 spriggan berserkers (D)
  2 spriggan druids (D)
  23 oklob plants (D)
  3 demonic crawlers (D)
  A queen bee (D)
  3 wandering mushrooms (D)
  5 hornets (D)
  3 burning bushes (D)
  4 scorpions (D)
  4 killer bees (D)
  5 oklob saplings (D)
  8 spriggans (D)
  A river rat (D)
  A rat (D)
  A ballistomycete spore (D)
67 creatures vanquished.

Vanquished Creatures (collateral kills)
  Agnes (D)
  A ghost moth (D)
  A spriggan defender (D)
  A hornet (D)
4 creatures vanquished.

Vanquished Creatures (others)
  A ballistomycete spore (D)
1 creature vanquished.

Grand Total: 72 creatures vanquished

Notes
Turn   | Place    | Note
-------+----------+-------------------------------------------
     0 | D        | mhtbhm the Demonspawn Berserker began the quest for the
                  | Orb.
     0 | D        | Reached XP level 1. HP: 18/18 MP: 1/1
    10 | D        | Gained mutation: You are partially covered in slimy green
                  | scales. (AC +2) [demonic ancestry]
    10 | D        | Reached XP level 2. HP: 25/25 MP: 2/2
   227 | D        | Noticed an oklob sapling
   228 | D        | Killed an oklob sapling
   228 | D        | Reached ** piety under Trog
   229 | D        | Reached XP level 3. HP: 32/32 MP: 3/3
   466 | D        | Noticed a scorpion
   467 | D        | Found the amulet of invisibility {+Inv}
   470 | D        | Killed a scorpion
   471 | D        | Reached skill level 5 in Long Blades
   471 | D        | Reached XP level 4. HP: 40/40 MP: 4/4
   627 | D        | Found an opulent altar of Gozag.
   627 | D        | Found a hazy altar of Hepliaklqana.
   627 | D        | Found a burning altar of Makhleb.
   627 | D        | Found a sparkling altar of Nemelex Xobeh.
   627 | D        | Found a snail-covered altar of Cheibriados.
   627 | D        | Found a sacrificial altar of Ru.
   627 | D        | Found a shimmering blue altar of Sif Muna.
   627 | D        | Found a shimmering altar of Xom.
   627 | D        | Found a basalt altar of Yredelemnul.
   628 | D        | Found a viscous altar of Jiyva.
   628 | D        | Found a bloodstained altar of Trog.
   628 | D        | Found an ornate altar of the Wu Jian Council.
   629 | D        | Found an iron altar of Okawaru.
   629 | D        | Found a shadowy altar of Dithmenos.
   630 | D        | Found an ancient bone altar of Kikubaaqudgha.
   630 | D        | Found a hide-covered altar of Uskayaw.
   631 | D        | Found a stormy altar of Qazlal.
   632 | D        | Found a corrupted altar of Lugonu.
   632 | D        | Found a radiant altar of Vehumet.
   640 | D        | Reached skill level 1 in Stealth
   640 | D        | Reached XP level 5. HP: 47/47 MP: 3/5
   695 | D        | Reached *** piety under Trog
   696 | D        | Reached skill level 1 in Evocations
   853 | D        | Reached XP level 6. HP: 30/56 MP: 6/6
  1143 | D        | Found Alaled's Jewellery Shop.
  1143 | D        | Found Houriaps's Armour Emporium.
  1156 | D        | Noticed a burning bush
  1156 | D        | Noticed a wandering mushroom
  1157 | D        | Noticed a wandering mushroom
  1162 | D        | Killed a wandering mushroom
  1162 | D        | Reached **** piety under Trog
  1163 | D        | Reached skill level 3 in Stealth
  1166 | D        | Reached XP level 7. HP: 64/64 MP: 4/7
  1174 | D        | Killed a burning bush
  1175 | D        | Reached skill level 4 in Stealth
  1177 | D        | Killed a wandering mushroom
  1178 | D        | Reached skill level 5 in Stealth
  1208 | D        | Found Xeojad's Book Emporium.
  1208 | D        | Found Juzuff's Weapon Shoppe.
  1218 | D        | Bought 2 atropa-tipped darts for 13 gold pieces
  1257 | D        | Reached ***** piety under Trog
  1412 | D        | Noticed a queen bee
  1425 | D        | Killed a queen bee
  1426 | D        | Reached skill level 10 in Fighting
  1426 | D        | Reached skill level 5 in Dodging
  1426 | D        | Reached skill level 5 in Evocations
  1426 | D        | Gained mutation: You are mostly covered in slimy green
                  | scales. (AC +3) [demonic ancestry]
  1426 | D        | Reached XP level 8. HP: 72/72 MP: 6/8
  1427 | D        | Reached skill level 6 in Stealth
  1731 | D        | Noticed an oklob plant
  1739 | D        | Killed an oklob plant
  1739 | D        | Identified the +9 rapier "Ashrode" {vorpal, rPois rC++
                  | Will+} (Trog gifted it to you in the Dungeon)
  1739 | D        | Received a gift from Trog
  1740 | D        | Reached skill level 5 in Short Blades
  1740 | D        | Reached skill level 7 in Stealth
  1802 | D        | Noticed a burning bush
  1809 | D        | Killed a burning bush
  1810 | D        | Reached skill level 8 in Stealth
  1814 | D        | Identified the amulet "Queroos" {RegenMP rC+ SInv}
  1866 | D        | Noticed a burning bush
  1866 | D        | Noticed an oklob plant
  1867 | D        | Noticed a wandering mushroom
  1868 | D        | Killed a burning bush
  1869 | D        | Gained mutation: You may rarely emit foul miasma when
                  | damaged in melee. [demonic ancestry]
  1869 | D        | Reached XP level 9. HP: 79/79 MP: 6/9
  1875 | D        | Killed an oklob plant
  1876 | D        | Reached skill level 9 in Stealth
  2066 | D        | Noticed a spriggan druid
  2075 | D        | Killed a spriggan druid
  2076 | D        | Reached skill level 10 in Stealth
  2184 | D        | Noticed an oklob plant conjurer
  2465 | D        | Killed an oklob plant conjurer
  2504 | D        | Noticed an oklob plant
  2504 | D        | Noticed an oklob plant summoner
  2505 | D        | Noticed an oklob plant shifter
  2509 | D        | Killed an oklob plant
  2509 | D        | Received a gift from Trog
  2510 | D        | Reached skill level 11 in Stealth
  2510 | D        | Gained mutation: You have a pair of small antennae on your
                  | head. [demonic ancestry]
  2510 | D        | Reached XP level 10. HP: 88/88 MP: 7/10
  2511 | D        | Killed an oklob plant summoner
  2514 | D        | Killed an oklob plant shifter
  2573 | D        | Noticed a spriggan rider
  2574 | D        | Found Hogrouf's Antique Weapon Emporium.
  2588 | D        | Reached ****** piety under Trog
  2589 | D        | Reached skill level 12 in Stealth
  2846 | D        | Found Xeephut's Magic Scroll Shoppe.
  2887 | D        | Noticed Agnes
  2897 | D        | Killed Agnes
  2897 | D        | Received a gift from Trog
  2898 | D        | Reached skill level 10 in Short Blades
  3153 | D        | Found Uskuit's Weapon Emporium.
  3153 | D        | Noticed a spriggan berserker
  3162 | D        | Killed a spriggan berserker
  3163 | D        | Reached skill level 13 in Stealth
  3308 | D        | Found Aduf's Armour Shoppe.
  3312 | D        | Noticed a spriggan defender
  3321 | D        | Killed a spriggan defender
  3322 | D        | Reached skill level 5 in Armour
  3322 | D        | Gained mutation: You are completely covered in slimy green
                  | scales. (AC +4, rPois) [demonic ancestry]
  3322 | D        | Reached XP level 11. HP: 87/95 MP: 11/11
  3464 | D        | Noticed a spriggan rider
  3472 | D        | Killed a spriggan rider
  3473 | D        | Reached skill level 1 in Throwing
  3508 | D        | Noticed a ghost moth
  3516 | D        | Identified the +8 halberd of Activism {vorpal, rN+ Will+++
                  | Dex-4 Stlth+} (Trog gifted it to you in the Dungeon)
  3516 | D        | Received a gift from Trog
  3518 | D        | Killed a ghost moth
  3519 | D        | Reached skill level 14 in Stealth
  3519 | D        | Reached skill level 10 in Evocations
  3523 | D        | Found Areasety's Assorted Antiques.
  3523 | D        | Found Valout's Magic Scroll Boutique.
  3523 | D        | Found Efreuh's Armour Emporium.
  3739 | D        | Noticed an oklob plant shifter
  3739 | D        | Noticed an oklob plant meteorologist
  3743 | D        | Killed an oklob plant meteorologist
  3751 | D        | Killed an oklob plant shifter
  3821 | D        | Noticed a spriggan rider
  3829 | D        | Received a gift from Trog
  4280 | D        | Found Jaizecig's Armour Shoppe.
  4280 | D        | Found Famnuozi's Antique Armour Boutique.
  4280 | D        | Found Yduobiy's Book Shop.
  4280 | D        | Found Larush's Antique Armour Emporium.
  4280 | D        | Found Dorph's Jewellery Shoppe.
  4281 | D        | Found Veytuic's Assorted Antiques.
  4281 | D        | Found Tuexo Focer's Armour Shop.
  4281 | D        | Found Eniovuad's Antique Armour Boutique.
  4296 | D        | Bought a pair of embroidered boots for 202 gold pieces
  4314 | D        | Bought a masterwork leather armour for 203 gold pieces
  4314 | D        | Identified the +2 leather armour "Eplakes" {Str+3 Int+2
                  | SInv} (You bought it in a shop in the Dungeon)
  4337 | D        | Noticed an oklob plant summoner
  4338 | D        | Found Uplonakh's Armour Emporium.
  4339 | D        | Found Robit's Weapon Shop.
  4344 | D        | Killed an oklob plant summoner
  4348 | D        | Noticed an oklob plant demonologist
  4348 | D        | Noticed an oklob plant annihilator
  4349 | D        | Noticed a spriggan berserker
  4388 | D        | Killed a spriggan berserker
  4781 | D        | Killed an oklob plant annihilator
  4781 | D        | Received a gift from Trog
  4783 | D        | Killed an oklob plant demonologist
  4929 | D        | Identified the amulet of Ascent {RegenMP Drain rF+ rC+}
  4973 | D        | Noticed an oklob plant
  4973 | D        | Noticed an oklob plant
  4973 | D        | Noticed an oklob plant
  4973 | D        | Noticed an oklob plant
  4973 | D        | Noticed an oklob plant
  4973 | D        | Noticed an oklob plant
  4974 | D        | Noticed an oklob plant
  4975 | D        | Killed an oklob plant
  4976 | D        | Reached skill level 15 in Stealth
  4976 | D        | Noticed an oklob plant
  4977 | D        | Killed an oklob plant
  4978 | D        | Noticed an oklob plant
  4979 | D        | Noticed an oklob plant
  4980 | D        | Killed an oklob plant
  4981 | D        | Noticed an oklob plant
  4982 | D        | Noticed an oklob plant
  4983 | D        | Killed an oklob plant
  4985 | D        | Killed an oklob plant
  4985 | D        | Received a gift from Trog
  4987 | D        | Killed an oklob plant
  4988 | D        | Gained mutation: Spells you cast may paralyse adjacent
                  | enemies. [demonic ancestry]
  4988 | D        | Reached XP level 12. HP: 105/105 MP: 10/12
  5174 | D        | Reached skill level 16 in Stealth
  5244 | D        | Noticed a spriggan defender
  5244 | D        | Noticed a spriggan defender
  5259 | D        | Killed a spriggan defender
  5262 | D        | Noticed a ghost moth
  5264 | D        | HP: 6/157 [spriggan defender/+7 lajatang of speed (27)]
  5266 | D        | Received a gift from Trog
  5266 | D        | Demolished by a spriggan defender

Illustrated notes

Levels and vault maps discovered:
D:        dungeon_sprint_fedhas [sprint_temple]

Skill      XL: |  1  2  3  4  5  6  7  8  9 10 11 12 |
---------------+-------------------------------------+-----
Fighting       | 4 6 8 9 10 11 13 | 13.3
Long Blades    | 3 4 5 6 7 8 9 |  9.7
Armour         | 2 3 4 5 6 |  6.3
Dodging        | 2 3 4 5 6 8 |  8.7
Stealth        | 1 3 5 8 11 13 15 16 | 16.3
Evocations     | 2 3 5 6 8 9 11 | 11.8
Short Blades   | 3 6 8 10 12 13 | 13.3
Throwing       | 2 |  2.4

Action                   |  1- 3 |  4- 6 |  7- 9 | 10-12 || total
-------------------------+-------+-------+-------+-------++-------
Melee: Falchion          |     7 |    13 |       |       ||    20
       Short sword       |       |     6 |    31 |       ||    37
       Rapier            |       |       |    24 |   135 ||   159
Throw: Dart              |       |       |       |     4 ||     4
Invok: Berserk           |     3 |     4 |     5 |    11 ||    23
       Brothers in Arms  |       |       |     1 |     3 ||     4
 Abil: Evoke Invisibilit |       |     3 |     6 |     5 ||    14
 Stab: Sleeping          |       |     2 |     5 |    15 ||    22
       Invisible         |       |     2 |    12 |     5 ||    19
Armor: Animal skin       |     2 |       |     2 |       ||     4
       Leather armour    |       |       |       |    12 ||    12
Dodge: Dodged            |     3 |     3 |    19 |    41 ||    66
       Rpst.: Falchion   |     1 |     1 |       |       ||     2

Table legend: (Time is in decaauts)
 A = Elapsed time spent in this place.
 B = Non-inter-level travel time spent in this place.
 C = Inter-level travel time spent in this place.
 D = Time resting spent in this place.
 E = Time spent auto-exploring this place.
 F = Levels seen in this place.
 G = Mean time per level.
                   A        B        C        D        E       F      G
               +--------+--------+--------+--------+--------+-----+--------+
         Total |   5387 |   5387 |      0 |   4420 |      3 |   1 | 5387.0 |
       Dungeon |   5387 |   5387 |      0 |   4420 |      3 |   1 | 5387.0 |
               +--------+--------+--------+--------+--------+-----+--------+

Top non-repeatable levels by time:
       D: 5387 daAuts
